[ AOE2 MATCH · #505155147 ]
UnrankedItalians vs Spanish
Player's team · WIN
Rival team · LOSS
[ REPLAY ANALYSIS · EXTRACTED FROM THE RECORDED GAME ]
Feudal
8:50
Castle
19:01
Imperial
—
| APM avg | 118.7 |
| APM peak | 147 |
| eAPM avg | 57.6 |
| Villagers / military | 66 / 15 |
Focus
⚔️ 72.1% · 🌾 27.9%
Archer ×10 · Militia ×3 · Spearman ×2
Feudal
8:50
Castle
—
Imperial
—
| APM avg | 48.2 |
| APM peak | 92 |
| eAPM avg | 22.5 |
| Villagers / military | 49 / 4 |
Focus
⚔️ 28.2% · 🌾 71.8%
Skirmisher ×4
Match map
Initial resources + every placement click. Lines = walls · curves = elevation contours. ◆ gold · ⬟ stone · ● berries · ✦ relic · ◌ wall gap
Your base· Open — unwalled flank
[CL] castiii's base· Open — 3t gap
Smoothed initial terrain · ◌ = detected wall gap · hover for details
Inputs per minute
— ldx - - [CL] castiii
Build order — ldx
140 actions detected in the replay
| 0:00 | Create | Villager (Male) |
| 0:00 | Create | Villager (Male) |
| 0:01 | Build | House |
| 0:02 | Build | House |
| 0:04 | Create | Villager (Male) |
| 0:05 | Create | Villager (Male) |
| 1:25 | Create | Villager (Male) |
| 1:25 | Create | Villager (Male) |
| 1:39 | Create | Villager (Male) |
| 1:39 | Create | Villager (Male) |
| 1:59 | Create | Villager (Male) |
| 2:25 | Build | Lumber Camp |
| 2:41 | Create | Villager (Male) |
| 2:51 | Create | Villager (Male) |
| 3:14 | Create | Villager (Male) |
| 3:44 | Create | Villager (Male) |
| 3:50 | Build | House |
| 4:19 | Create | Villager (Male) |
| 4:21 | Create | Villager (Male) |
| 4:41 | Create | Villager (Male) |
| 5:07 | Build | Barracks |
| 5:11 | Create | Villager (Male) |
| 5:13 | Create | Villager (Male) |
| 5:39 | Build | House |
| 5:47 | Create | Villager (Male) |
| 6:13 | Research | Loom |
| 6:13 | Research | Loom |
| 6:18 | Research | Feudal Age |
| 6:41 | Create | Militia |
| 6:44 | Create | Villager (Male) |
| 6:44 | Create | Villager (Male) |
| 6:54 | Create | Villager (Male) |
| 6:58 | Build | Mining Camp |
| 7:05 | Create | Militia |
| 7:33 | Create | Militia |
| 7:43 | Build | Mill |
| 8:01 | Create | Villager (Male) |
| 8:13 | Build | House |
| 8:17 | Create | Villager (Male) |
| 8:23 | Create | Villager (Male) |
| 8:50 | Age | Feudal Age |
| 8:54 | Research | Man-at-Arms (upgrade) |
| 8:54 | Research | Man-at-Arms (upgrade) |
| 8:57 | Create | Villager (Male) |
| 9:02 | Create | Villager (Male) |
| 9:25 | Build | House |
| 9:41 | Create | Villager (Male) |
| 10:00 | Create | Villager (Male) |
| 10:04 | Research | Double-Bit Axe |
| 10:04 | Research | Double-Bit Axe |
| 10:05 | Create | Villager (Male) |
| 10:06 | Build | Farm |
| 10:09 | Build | Farm |
| 10:14 | Build | Farm |
| 10:23 | Create | Villager (Male) |
| 10:33 | Build | House |
| 10:36 | Create | Villager (Male) |
| 10:52 | Create | Villager (Male) |
| 10:52 | Create | Villager (Male) |
| 10:53 | Build | Archery Range |
| 11:05 | Create | Villager (Male) |
| 11:17 | Build | Farm |
| 11:22 | Create | Villager (Male) |
| 11:24 | Build | Farm |
| 11:26 | Build | House |
| 11:30 | Build | Palisade Wall |
| 11:31 | Build | Palisade Wall |
| 11:37 | Create | Villager (Male) |
| 11:40 | Create | Spearman |
| 11:41 | Create | Spearman |
| 11:55 | Build | Farm |
| 11:55 | Create | Villager (Male) |
| 12:06 | Create | Villager (Male) |
| 12:13 | Create | Archer |
| 12:15 | Build | House |
| 12:21 | Build | Farm |
| 12:33 | Create | Villager (Male) |
| 12:35 | Build | Palisade Wall |
| 12:35 | Build | Palisade Wall |
| 12:36 | Build | Palisade Wall |
| 12:40 | Create | Villager (Male) |
| 12:42 | Build | Farm |
| 12:57 | Create | Archer |
| 13:05 | Build | Farm |
| 13:16 | Create | Villager (Male) |
| 13:17 | Create | Villager (Male) |
| 13:23 | Create | Villager (Male) |
| 13:30 | Create | Archer |
| 14:08 | Create | Archer |
| 14:11 | Create | Villager (Male) |
| 14:12 | Build | Farm |
| 14:21 | Create | Villager (Male) |
| 14:22 | Build | Farm |
| 14:23 | Create | Archer |
| 14:27 | Create | Villager (Male) |
| 14:29 | Create | Villager (Male) |
| 14:50 | Create | Villager (Male) |
| 15:09 | Create | Archer |
| 15:09 | Create | Archer |
| 15:17 | Create | Villager (Male) |
| 15:20 | Build | Blacksmith |
| 15:27 | Create | Villager (Male) |
| 15:40 | Build | Farm |
| 16:07 | Research | Castle Age |
| 16:36 | Create | Archer |
| 16:43 | Create | Villager (Male) |
| 16:45 | Build | House |
| 16:50 | Create | Villager (Male) |
| 16:51 | Create | Villager (Male) |
| 16:54 | Build | Palisade Wall |
| 17:02 | Research | Fletching |
| 17:10 | Create | Villager (Male) |
| 17:28 | Create | Archer |
| 18:00 | Create | Archer |
| 18:35 | Create | Villager (Male) |
| 18:50 | Create | Villager (Male) |
| 18:54 | Create | Villager (Male) |
| 18:54 | Create | Villager (Male) |
| 18:56 | Build | Palisade Wall |
| 18:57 | Build | Palisade Wall |
| 18:58 | Build | House |
| 19:01 | Age | Castle Age |
| 19:02 | Research | Crossbowman (upgrade) |
| 19:03 | Research | Bodkin Arrow |
| 19:03 | Research | Bodkin Arrow |
| 19:04 | Create | Villager (Male) |
| 19:04 | Create | Villager (Male) |
| 19:06 | Build | Town Center |
| 19:07 | Create | Villager (Male) |
| 19:08 | Build | Farm |
| 19:14 | Build | Town Center |
| 19:24 | Research | Bow Saw |
| 19:24 | Research | Bow Saw |
| 19:26 | Create | Villager (Male) |
| 19:27 | Create | Villager (Male) |
| 19:33 | Research | Horse Collar |
| 19:33 | Research | Horse Collar |
| 19:36 | Create | Villager (Male) |
| 19:49 | Create | Villager (Male) |
| 20:04 | Build | Farm |
Build order — [CL] castiii
124 actions detected in the replay
| 0:00 | Create | Villager (Male) |
| 0:00 | Create | Villager (Male) |
| 0:01 | Create | Villager (Male) |
| 0:02 | Build | House |
| 0:03 | Build | House |
| 0:14 | Create | Villager (Male) |
| 0:15 | Create | Villager (Male) |
| 1:27 | Create | Villager (Male) |
| 1:27 | Create | Villager (Male) |
| 1:59 | Create | Villager (Male) |
| 2:08 | Build | Lumber Camp |
| 2:12 | Create | Villager (Male) |
| 2:13 | Create | Villager (Male) |
| 2:35 | Create | Villager (Male) |
| 2:36 | Create | Villager (Male) |
| 2:54 | Create | Villager (Male) |
| 2:54 | Create | Villager (Male) |
| 3:11 | Create | Villager (Male) |
| 3:11 | Create | Villager (Male) |
| 3:35 | Build | House |
| 3:36 | Build | House |
| 4:04 | Create | Villager (Male) |
| 4:05 | Create | Villager (Male) |
| 4:05 | Create | Villager (Male) |
| 4:05 | Create | Villager (Male) |
| 4:42 | Create | Villager (Male) |
| 4:48 | Build | Mill |
| 4:54 | Create | Villager (Male) |
| 4:54 | Research | Loom |
| 6:30 | Research | Feudal Age |
| 7:06 | Build | Barracks |
| 7:10 | Build | Barracks |
| 7:32 | Create | Villager (Male) |
| 7:54 | Build | House |
| 8:10 | Build | Palisade Gate |
| 8:32 | Build | House |
| 8:47 | Create | Villager (Male) |
| 8:50 | Age | Feudal Age |
| 8:57 | Build | Archery Range |
| 9:00 | Build | Palisade Wall |
| 9:08 | Build | Palisade Wall |
| 9:10 | Build | Palisade Wall |
| 9:12 | Build | House |
| 9:14 | Create | Villager (Male) |
| 9:18 | Build | Palisade Wall |
| 9:21 | Build | Palisade Wall |
| 9:25 | Create | Villager (Male) |
| 9:30 | Research | Double-Bit Axe |
| 9:32 | Research | Horse Collar |
| 9:40 | Build | Palisade Wall |
| 9:57 | Create | Villager (Male) |
| 10:00 | Create | Skirmisher |
| 10:09 | Create | Skirmisher |
| 10:22 | Create | Villager (Male) |
| 10:36 | Create | Villager (Male) |
| 10:40 | Build | Farm |
| 10:58 | Create | Villager (Male) |
| 11:00 | Build | Farm |
| 11:14 | Create | Villager (Male) |
| 11:17 | Build | Farm |
| 11:23 | Create | Skirmisher |
| 11:30 | Build | Farm |
| 11:42 | Create | Villager (Male) |
| 11:52 | Build | Farm |
| 12:06 | Create | Villager (Male) |
| 12:10 | Build | Farm |
| 12:22 | Create | Villager (Male) |
| 12:25 | Build | Farm |
| 12:32 | Create | Skirmisher |
| 12:50 | Create | Villager (Male) |
| 13:20 | Create | Villager (Male) |
| 13:24 | Build | Blacksmith |
| 13:31 | Build | Farm |
| 13:38 | Build | House |
| 13:41 | Create | Villager (Male) |
| 13:56 | Build | House |
| 14:00 | Build | House |
| 14:08 | Build | House |
| 14:12 | Create | Villager (Male) |
| 14:15 | Build | Mining Camp |
| 14:15 | Create | Villager (Male) |
| 14:26 | Build | House |
| 14:28 | Build | House |
| 14:29 | Build | Palisade Wall |
| 14:31 | Create | Villager (Male) |
| 14:49 | Build | House |
| 14:53 | Build | Palisade Wall |
| 14:58 | Create | Villager (Male) |
| 15:05 | Create | Villager (Male) |
| 15:08 | Build | Farm |
| 15:09 | Build | Farm |
| 15:15 | Build | Lumber Camp |
| 15:19 | Create | Villager (Male) |
| 15:33 | Create | Villager (Male) |
| 15:38 | Build | Farm |
| 15:40 | Build | House |
| 15:55 | Build | Farm |
| 16:09 | Build | House |
| 16:12 | Build | House |
| 16:20 | Create | Villager (Male) |
| 16:21 | Build | House |
| 16:31 | Create | Villager (Male) |
| 16:37 | Build | Farm |
| 16:38 | Build | Farm |
| 16:40 | Build | Palisade Wall |
| 16:57 | Build | Farm |
| 16:59 | Create | Villager (Male) |
| 17:04 | Build | House |
| 17:07 | Build | Palisade Wall |
| 17:15 | Build | Palisade Wall |
| 17:25 | Create | Villager (Male) |
| 17:32 | Build | Archery Range |
| 17:38 | Research | Castle Age |
| 17:38 | Research | Castle Age |
| 18:19 | Build | House |
| 18:38 | Research | Fletching |
| 18:44 | Research | Gold Mining |
| 18:48 | Build | Stable |
| 19:06 | Build | Mining Camp |
| 19:18 | Research | Town Watch |
| 19:19 | Create | Villager (Male) |
| 19:24 | Build | Market |
| 19:32 | Build | Stone Wall |
| 19:33 | Build | Stone Wall |
Match timeline
| 5:07 | ldx · first_building Barracks |
| 7:06 | [CL] castiii · first_building Barracks |
| 8:50 | [CL] castiii · age_up feudal |
| 8:50 | ldx · age_up feudal |
| 8:57 | [CL] castiii · first_building Archery Range |
| 9:00 | [CL] castiii · wall_segment Palisade Wall x1 |
| 9:08 | [CL] castiii · wall_segment Palisade Wall x4 |
| 9:10 | [CL] castiii · wall_segment Palisade Wall x4 |
| 9:18 | [CL] castiii · wall_segment Palisade Wall x6 |
| 9:21 | [CL] castiii · wall_segment Palisade Wall x1 |
| 9:40 | [CL] castiii · wall_segment Palisade Wall x4 |
| 10:53 | ldx · first_building Archery Range |
| 11:30 | ldx · wall_segment Palisade Wall x2 |
| 11:31 | ldx · wall_segment Palisade Wall x6 |
| 12:35 | ldx · wall_segment Palisade Wall x1 |
| 12:35 | ldx · wall_segment Palisade Wall x1 |
| 12:36 | ldx · wall_segment Palisade Wall x4 |
| 14:29 | [CL] castiii · wall_segment Palisade Wall x1 |
| 14:53 | [CL] castiii · wall_segment Palisade Wall x1 |
| 16:40 | [CL] castiii · wall_segment Palisade Wall x1 |
| 16:54 | ldx · wall_segment Palisade Wall x7 |
| 17:07 | [CL] castiii · wall_segment Palisade Wall x1 |
| 17:15 | [CL] castiii · wall_segment Palisade Wall x1 |
| 18:48 | [CL] castiii · first_building Stable |
| 18:56 | ldx · wall_segment Palisade Wall x1 |
| 18:57 | ldx · wall_segment Palisade Wall x1 |
| 19:01 | ldx · age_up castle |
| 19:32 | [CL] castiii · wall_segment Stone Wall x1 |
| 19:33 | [CL] castiii · wall_segment Stone Wall x1 |
| 20:05 | [CL] castiii · resign |
[ AI ANALYSIS · 1 CREDIT ]
What really happened in this match?
Wolo.gg analyzes every decision: build order, eco, micro, common mistakes by bracket. Personalized analysis on WhatsApp or Discord in 30 seconds.
Civ guide
Italians
Perfil
Jugador #21516070